 Dungeon Crawl Stone Soup version bcrawl-1.40.3b (webtiles) character file.

Game seed: 9163944896927017227

148143 petercordia3 the Cudgeler (level 5, 58/58 HPs)
             Began as an Ent Archaeologist on Feb 25, 2024.
             Got out of the dungeon alive.
             The game lasted 00:03:20 (2171 turns).

petercordia3 the Cudgeler (Ent Archaeologist)       Turns: 2171, Time: 00:03:20

Health: 58/58      AC: 14    Str: 19    XL:     5   Next: 0%
Magic:  5/5        EV: 10    Int: 14    God:
Gold:   116        SH:  0    Dex:  9    Spells: 4/4 levels left

rFire    . . .     GDR:     30% a - +0 whip
rCold    . . .     SeeInvis .   (no shield)
rNeg     + + +     Gourm    .   (armour unavailable)
rPois    +         Faith    .   c - +1 hat
rElec    .         Spirit   .   l - +0 cloak
rCorr    .         Reflect  .   (gloves unavailable)
MR       .....                  (boots unavailable)
Stlth    ++........             (no amulet)
HPRegen  0.19/turn              (no ring)
MPRegen  0.09/turn              (no ring)

@: studying Transmutations, very slow
A: large, slow actions, passwall, strong branches, negative energy resistance 3,
poison resistance, slow metabolism 1, torment resistance, unbreathing, AC +12
a: Passwall


You escaped.
You were hungry.

You visited 1 branch of the dungeon, and saw 3 of its levels.

You collected 116 gold pieces.

Inventory:

Hand Weapons
 a - a +0 whip (weapon)
 b - a +0 blowgun
 q - a cursed -2 spear
Missiles
 d - 6 curare-tipped needles
 r - 185 arrows
 u - 206 sling bullets
 v - 114 bolts
 w - 120 stones (quivered)
Armour
 c - a +1 hat (worn)
 l - a +0 cloak (worn)
Scrolls
 g - 2 scrolls of revelation
 i - a scroll of identify
 k - a scroll of amnesia {unknown}
 n - a scroll of teleportation {unknown}
 o - 3 scrolls of remove curse {unknown}
 t - a scroll of enchant armour {unknown}
Potions
 h - a potion of brilliance {unknown}
 j - a potion of flight {unknown}
 m - a potion of lignification {unknown}
 p - a potion of agility {unknown}
 s - a potion of mutation {unknown}
 x - 4 potions of curing {unknown}
Comestibles
 e - 3 rations {!d}


   Skills:
 + Level 3.8 Fighting
 + Level 4.2 Maces & Flails
 - Level 2.6 Dodging
 - Level 3.6 Stealth


You had 4 spell levels left.
You didn't know any spells.
Your spell library was empty.

Dungeon Overview and Level Annotations

Branches:
Dungeon (3/12)

Altars:


Innate Abilities, Weirdness & Mutations

You move and act slowly.
You can pass through walls and trees.
Your branches can wield two-handed weapons with a shield.
Your thick bark is tough. (AC +12)
You are too large for most types of armour.
You are immune to negative energy. (rN+++)
Your system is resistant to poisons. (rPois)
You have a slow metabolism.
You are immune to unholy pain and torment.
You can survive without breathing.


Message History

What level of the Dungeon? (default 1, ? - help) Eating one of 2 chunks of flesh.
You eat one of the 2 chunks of flesh.
This raw flesh tastes terrible.
You are feeling hungry.
Eating a chunk of flesh.
You eat the chunk of flesh.
This raw flesh tastes terrible.
There is a stone staircase leading up, spattered with blood here.
You climb upwards.
There is a stone staircase leading down here.
You see here a +0 scale mail.
Things that are here:
a +0 robe; a +0 dagger
There is a stone staircase leading up here.
You climb upwards.
There is a stone staircase leading down here.
You see here a whip.
There is an open door here.
There is a staircase leading out of the dungeon here.
Are you sure you want to leave the Dungeon?
This will make you lose the game!
You have escaped!

#.............#
#.............#
#.............#
#..##..#..#####
##.#...##...#
#..#.####.#.########
...................##
....#...#.########..##
.###..###.##...'@#...#
####.## #.##.#.#.#...#
###..# #.##)#.#.###.#
##..## #.##.#.#.# #.#
##.## #)##.#.#.# #.##
##.# #.##.#.#.# #..##
##.# ##.##.#.#.# #...#
##.# #..##.#.#.###.#.#
#..#
#.###.#.#.##..#.####


There were no monsters in sight!

Vanquished Creatures
  An orc wizard (D:2)
  4 gnolls (D:2)
  An adder (D:3)
  An ooze (D:2)
  A worm (D:2)
  3 leopard geckos
  2 orcs (D:2)
  5 bats
  3 giant cockroaches
  3 goblins
  4 hobgoblins
  4 jackals (D:2)
  3 quokkas (D:2)
  2 ball pythons (D:2)
  2 frilled lizards (D:1)
  2 kobolds (D:2)
  6 rats
47 creatures vanquished.

Notes
Turn   | Place    | Note
-------+----------+-------------------------------------------
     0 | D:1      | petercordia3 the Ent Archaeologist began the quest for the
                  | Orb.
     0 | D:1      | Reached XP level 1. HP: 21/21 MP: 1/1
   105 | D:1      | Reached skill level 2 in Maces & Flails
   105 | D:1      | Reached XP level 2. HP: 30/30 MP: 2/2
   897 | D:2      | Reached XP level 3. HP: 39/39 MP: 3/3
   926 | D:2      | Reached skill level 3 in Maces & Flails
   944 | D:2      | Reached XP level 4. HP: 37/49 MP: 4/4
  1293 | D:2      | Found an ancient bone altar of Kikubaaqudgha.
  1928 | D:2      | Reached skill level 4 in Maces & Flails
  2070 | D:3      | Reached XP level 5. HP: 57/58 MP: 5/5
  2070 | D:3      | Identified a scroll of acquirement
  2074 | D:3      | Identified the +5 medium shield of Dice, Bag, and Bottle
                  | {rF- Dex+5} (You acquired it on level 3 of the Dungeon)
  2074 | D:3      | Identified the ring "Zalecir" {Wiz rF- rN+++ MR+ Dex-3}
                  | (You acquired it on level 3 of the Dungeon)
  2171 | D:$      | Got out of the dungeon alive.

Skill      XL: |  1  2  3  4 |
---------------+-------------+-----
Maces & Flails | 2 3 4 |  4.2
Fighting       | 2 3 |  3.8
Dodging        | |  2.6
Stealth        | |  3.6

Action                   |  1- 3 |  4- 6 || total
-------------------------+-------+-------++-------
Melee: Whip              |   137 |    93 ||   230
  Use: Scroll            |       |     1 ||     1
 Stab: Sleeping          |     1 |     3 ||     4
  Eat: Chunk             |     3 |     6 ||     9
Armor: Skin              |   112 |    83 ||   195
Dodge: Dodged            |   111 |    83 ||   194
